 Dungeon Crawl Stone Soup version 0.31-a0-1370-gf52a5a9ab3 (webtiles) character file.

Game seed: 10475975820761731749

508 Akett the Caller (level 7, 0/55 HPs)
             Began as a Naga Summoner on Dec 24, 2023.
             Slain by an ogre
             ... wielding a +0 giant club
              (15 damage)
             ... on level 5 of the Dungeon.
             The game lasted 00:17:59 (4680 turns).

Akett the Caller (Naga Summoner)                    Turns: 4680, Time: 00:17:59

Health: 0/55       AC:  3    Str: 11    XL:     7   Next: 18%
Magic:  0/10       EV:  9    Int: 17    God:
Gold:   256        SH:  0    Dex: 11    Spells: 0/10 levels left

rFire   . . .        a - +0 spear (vamp)
rCold   . . .        (no shield)
rNeg    . . .        g - +0 robe
rPois   +            (no helmet)
rElec   .            (no cloak)
rCorr   .            (no gloves)
SInv    +            (no barding)
Will    .....        (no amulet)
Stlth   ++           f - ring of wizardry
HPRegen 0.29/turn    (no ring)
MPRegen 0.12/turn

%: wizardry (x1)
@: very slow
A: AC +2, large, see invisible, deformed body, poison resistance, slowness 2,
spit poison 1, naga tail 1
a: Spit Poison


You were on level 5 of the Dungeon.
You visited 1 branch of the dungeon, and saw 5 of its levels.

You collected 256 gold pieces.

Inventory:

Hand Weapons
 a - a +0 vampiric spear (weapon)
Missiles
 k - 2 throwing nets
Armour
 g - a +0 robe (worn)
 m - a +0 scale mail
Jewellery
 f - a ring of wizardry (left hand)
Wands
 h - a wand of mindburst (16)
Scrolls
 d - 2 scrolls of teleportation
 e - 2 scrolls of amnesia
 j - a scroll of identify
 l - a scroll of vulnerability {unknown}
Potions
 b - a potion of magic
 i - 2 potions of brilliance
 n - 2 potions of attraction
 o - a potion of heal wounds


   Skills:
 + Level 2.5 Polearms
 - Level 1.5 Dodging
 - Level 3.0 Stealth
 - Level 2.0 Spellcasting
 * Level 7.8 Summonings
 + Level 0.7 Air Magic


You couldn't memorise any spells.
You knew the following spells:

 Your Spells              Type           Power      Damage    Failure   Level
a - Summon Small Mammal   Summ           100%       N/A       1%          1
b - Call Imp              Summ           56%        N/A       1%          2
c - Call Canine Familiar  Summ           28%        N/A       1%          3
d - Summon Lightning Spi  Summ/Air       16%        N/A       13%         4

Your spell library contained the following spells:

 Spells                   Type           Power      Damage    Failure   Level
 Summon Guardian Golem    Hex/Summ       15%        N/A       4%          3
 Sandblast                Erth           2%         2d4       8%          1
 Lesser Beckoning         Tloc           2%         N/A       12%         2
 Sublimation of Blood     Necr           1%         N/A       12%         2
 Gell's Gravitas          Tloc           1%         N/A       22%         3
 Inner Flame              Hex/Fire       1%         N/A       22%         3
 Teleport Other           Tloc           1%         N/A       22%         3
 Dimensional Bullseye     Hex/Tloc       0%         N/A       56%         4
 Flame Wave               Conj/Fire      1%         2d4       56%         4
 Leda's Liquefaction      Alch/Erth      0%         N/A       56%         4
 Petrify                  Alch/Erth      1%         N/A       56%         4
 Sticky Flame             Fire/Alch      1%         2d4       56%         4
 Irradiate                Conj/Alch      0%         3d11      88%         5
 Bombard                  Conj/Erth      0%         9d1       100%        6


Dungeon Overview and Level Annotations

Branches:
Dungeon (5/15)
 Temple: D:4-7

Altars:
Zin

Shops:
D:4 *


Innate Abilities, Weirdness & Mutations

Your serpentine skin is tough. (AC +2)
You have supernaturally acute eyesight. (SInv)
Armour fits poorly on your strangely shaped body.
Your system is resistant to poisons. (rPois)
You cover ground very slowly.
You can spit poison.
You have a snake-like lower body.


Message History

You miscast Summon Lightning Spire.
You are very lightly contaminated with residual magic.
Desperate hands claw out at you.
A nameless horror comes into view.
The nameless horror barely misses you.
The nameless horror hits you but does no damage.
You hit the nameless horror.
The nameless horror is moderately damaged.
The nameless horror barely misses you.
You hit the nameless horror but do no damage.
The nameless horror is moderately damaged.
The nameless horror barely misses you.
The nameless horror hits you but does no damage. x2
The ogre closely misses you. The nameless horror misses you.
The nameless horror attacks as it pursues you!
The nameless horror misses you.
Your magical contamination has completely faded away.
The nameless horror attacks as it pursues you!
The nameless horror closely misses you.
The nameless horror hits you but does no damage.
Casting: Summon Lightning Spire (dangerous; 13% risk of failure)
Confirm with . or Enter, or press ? or * to list all spells.
An electric hum fills the air.
Your lightning spire cannot move out of your way!
You hit the ogre.
You feel better.
The ogre is moderately wounded.
You hit the ogre.
The ogre is heavily wounded.
The ogre hits you with a +0 giant club!!
You barely miss the ogre.
The ogre is heavily wounded.
You hit the ogre.
You feel better.
The ogre is heavily wounded.
The ogre hits you with a +0 giant club!
* * * LOW HITPOINT WARNING * * *
You hit the ogre.
You feel better.
The ogre is heavily wounded.
The ogre hits you with a +0 giant club!
You die...

###### #..... #.####
#############.####
#.................
#.###########.#### #.# ##.## # ##
#8# ##...### ...###### #@#
##.....## ....$...########O#
#........ #...$.......#X##
#......## #.##.####..O...#
#.#.....< ##. #.#
#...#..#######.##..###
#....##.########..........##.....
.................############.#.#
#....############# #.#. ##.#
#.#.#


You could see a nameless horror (ally target), an ogre and a friendly lightning
spire (summoned).

Vanquished Creatures
  A phantom (D:4)
  A hound (D:4)
  A gnoll (D:3)
  5 adders
  A worm (D:3)
  A dart slug (D:3)
  2 orcs
  10 ball pythons
  6 bats
  3 endoplasms
  3 giant cockroaches
  4 goblins
  2 hobgoblins (D:2)
  4 quokkas
  6 frilled lizards
  5 kobolds
  2 rats
57 creatures vanquished.

Vanquished Creatures (collateral kills)
  An orc priest (D:5)
  A sleepcap (D:5)
  3 orc wizards
  6 gnolls
  3 adders
  2 bombardier beetles
  A worm (D:2)
  2 dart slugs
  8 orcs
  3 bats
  3 endoplasms (D:1)
  3 giant cockroaches
  5 hobgoblins
  4 jackals (D:4)
  5 kobolds
  A ball python (D:3)
  A rat (D:1)
52 creatures vanquished.

Grand Total: 109 creatures vanquished

Notes
Turn   | Place    | Note
-------+----------+-------------------------------------------
     0 | D:1      | Akett the Naga Summoner began the quest for the Orb.
     0 | D:1      | Reached XP level 1. HP: 15/15 MP: 3/3
   192 | D:1      | Reached XP level 2. HP: 18/22 MP: 5/5
   646 | D:1      | Learned a level 2 spell: Call Imp
   841 | D:1      | Reached XP level 3. HP: 17/28 MP: 4/6
   900 | D:1      | Learned a level 3 spell: Call Canine Familiar
  1099 | D:2      | Reached skill level 5 in Summonings
  1677 | D:2      | Reached XP level 4. HP: 26/36 MP: 7/7
  2310 | D:3      | Found a faded altar of an unknown god.
  2385 | D:3      | Reached skill level 6 in Summonings
  2385 | D:3      | Reached XP level 5. HP: 28/42 MP: 4/8
  2391 | D:3      | Got Plato's Handbook of the Plateau
  2616 | D:3      | HP: 2/42 [gnoll/+0 halberd (10)]
  3045 | D:4      | Reached skill level 1 in Polearms
  3045 | D:4      | Reached XP level 6. HP: 17/49 MP: 5/9
  3053 | D:4      | Reached skill level 7 in Summonings
  3390 | D:4      | Found Temuli's CLEARANCE SALE!.
  3460 | D:4      | Identified a scroll of acquirement
  3460 | D:4      | Acquired Wiubink's Precepts of the Wayfarer and the
                  | Xenolith
  4030 | D:4      | Reached XP level 7. HP: 53/55 MP: 10/10
  4035 | D:4      | Learned a level 4 spell: Summon Lightning Spire
  4297 | D:5      | Entered Level 5 of the Dungeon
  4332 | D:5      | Found a glowing silver altar of Zin.
  4680 | D:5      | Slain by an ogre

Illustrated notes

Levels and vault maps discovered:
D:1:      dpeg_arrival_connections, layout_basic, serial_forest,
          infiniplex_forest_clump_tiny, infiniplex_forest_clump_diagonal,
          infiniplex_forest_clump_double, infiniplex_forest_zigzag_1,
          infiniplex_forest_lined_2, infiniplex_forest_clump_small,
          kennysheep_crisscross, st_stairs_1
D:2:      minmay_chambers_of_ones, layout_loops_corners, minmay_pentomino_v2
D:3:      layout_rooms, shapermc_ecumenical_altar_rom_forum
D:4:      layout_cave_pods, nicolae_shop_clearance
D:5:      minmay_razor_zed, layout_loops_ring, kennysheep_mini,
          chequers_temple_overflow_minitemple

Skill      XL: |  1  2  3  4  5  6 |
---------------+-------------------+-----
Summonings     | 5 6 7 |  7.8
Polearms       | 1 2 |  2.5
Dodging        | |  1.5
Stealth        | |  3.0
Spellcasting   | |  2.0
Air Magic      | |  0.7

Action                     |  1- 3 |  4- 6 |  7- 9 || total
---------------------------+-------+-------+-------++-------
  Melee: Unarmed           |    85 |       |       ||    85
         Dagger            |    60 |    45 |       ||   105
         Punch             |     2 |       |       ||     2
         Spear             |       |   134 |    21 ||   155
   Cast: Summon Small Mamm |    13 |     3 |       ||    16
         Call Imp          |     2 |     6 |       ||     8
         Call Canine Famil |     2 |    10 |     2 ||    14
         Summon Lightning  |       |       |     2 ||     2
Ability: Spit Poison       |       |     3 |       ||     3
  Evoke: Wand              |       |     3 |       ||     3
    Use: Scroll            |     4 |    10 |     2 ||    16
         Potion            |       |     5 |       ||     5
   Stab: Sleeping          |     7 |     7 |       ||    14
         Distracted        |       |       |     1 ||     1
 Armour: Robe              |   109 |   136 |    21 ||   266
  Dodge: Dodged            |    97 |    84 |    12 ||   193

Table legend: (Time is in decaauts)
 A = Elapsed time spent in this place.
 B = Non-inter-level travel time spent in this place.
 C = Inter-level travel time spent in this place.
 D = Time resting spent in this place.
 E = Time spent auto-exploring this place.
 F = Levels seen in this place.
 G = Mean time per level.
                   A        B        C        D        E       F      G
               +--------+--------+--------+--------+--------+-----+--------+
         Total |   5791 |   5639 |    152 |    785 |   3209 |   5 | 1158.2 |
       Dungeon |   5791 |   5639 |    152 |    785 |   3209 |   5 | 1158.2 |
               +--------+--------+--------+--------+--------+-----+--------+

Top non-repeatable levels by time:
     D:2: 1657 daAuts
     D:4: 1577 daAuts
     D:1: 1349 daAuts
     D:3: 734 daAuts
     D:5: 473 daAuts
